 Dungeon Crawl Stone Soup version 0.29-a0-1065-g47a6bb87d6 (webtiles) character file.

Game seed: 5278964002014171825

6362 Newt the Carver (level 10, 0/76 HPs)
             Began as a Demonspawn Gladiator on Aug 18, 2022.
             Was an Initiate of Gozag.
             Slain by a hornet (9 damage)
             ... on level 9 of the Dungeon.
             The game lasted 00:18:27 (11776 turns).

Newt the Carver (Demonspawn Gladiator)             Turns: 11776, Time: 00:18:27

Health: 0/76       AC: 20    Str: 24    XL:     10   Next: 65%
Magic:  10/10      EV: 12    Int: 11    God:    Gozag
Gold:   1251       SH:  0    Dex: 14    Spells: 9/9 levels left

rFire   + + .      SeeInvis .   z - +7 quick blade
rCold   . . .      Faith    .   (no shield)
rNeg    + . .      Spirit   .   D - +5 plate armour of the Nexus {rF+ Str+4}
rPois   .          Reflect  .   (helmet restricted)
rElec   .          Harm     .   (no cloak)
rCorr   .          Rampage  .   C - +0 pair of gloves
Will    .....                   (no boots)
Stlth   ..........              (no amulet)
HPRegen 0.22/turn               d - +4 ring of evasion
MPRegen 0.12/turn               y - ring of the Real Monster {Fly rF+ rN+ Str+2}

@: lethally poisoned (0 -> -7), flying, slowed, very slow
A: horns 2, thin metallic scales 2, foul stench 1, powered by death 2
a: Renounce Religion, Potion Petition, Call Merchant, Bribe Branch


You were on level 9 of the Dungeon.
You worshipped Gozag.
Gozag was most pleased with you.
You visited 2 branches of the dungeon, and saw 10 of its levels.

You collected 1292 gold pieces.
You spent 1 gold pieces at shops.
You paid 40 gold pieces to Gozag.

Inventory:

Hand Weapons
 a - a +2 dagger of venom
 b - a +0 sling
 u - a +0 rapier
 x - a +2 dagger of venom
 z - a +7 quick blade (weapon)
 G - a -1 triple sword
Missiles
 g - 90 stones
 m - 6 poisoned darts (quivered)
 E - a javelin
Armour
 c - a +0 helmet
 p - a +0 leather armour
 r - a +1 ring mail of fire resistance
 C - a +0 pair of gloves (worn)
 D - the +5 plate armour of the Nexus (worn) {rF+ Str+4}
   (You found it on level 6 of the Dungeon)

   Str:       It affects your strength (+4).
   rF:        It protects you from fire.
Jewellery
 d - a +4 ring of evasion (left hand)
 w - a ring of poison resistance
 y - the ring of the Real Monster (right hand) {Fly rF+ rN+ Str+2}
   (You found it on level 7 of the Dungeon)

   [ring of protection from fire]

   Str:       It affects your strength (+2).
   rF:        It protects you from fire.
   rN:        It protects you from negative energy.
   Fly:       It grants you flight.
 B - a ring of ice
 I - a ring of wizardry
Wands
 o - a wand of charming (4)
 t - a wand of roots (13)
 v - a wand of flame (9)
Scrolls
 h - 4 scrolls of fear
 i - a scroll of blinking
 k - a scroll of poison
 q - 2 scrolls of butterflies
Potions
 e - a potion of invisibility {unknown}
 f - a potion of lignification
 j - 3 potions of magic
 l - 2 potions of haste {unknown}
 n - 4 potions of flight {unknown}
 s - 2 potions of might {unknown}
 A - 3 potions of mutation {unknown}
 H - a potion of curing


   Skills:
 - Level 6.0 Fighting
 - Level 4.0(6.5) Short Blades
 - Level 8.1(8.5) Long Blades
 - Level 6.0 Throwing
 - Level 4.0 Armour
 - Level 4.0 Dodging
 - Level 6.0 Stealth
 + Level 5.7 Evocations


You had 9 spell levels left.
You didn't know any spells.
Your spell library contained the following spells:

 Spells                   Type           Power      Damage    Failure   Level
 Magic Dart               Conj           0%         1d3       99%         1
 Call Imp                 Summ           0%         N/A       100%        2
 Call Canine Familiar     Summ           0%         N/A       100%        3
 Mephitic Cloud           Conj/Pois/Air  0%         N/A       100%        3
 Portal Projectile        Hex/Tloc       0%         N/A       100%        3
 Leda's Liquefaction      Hex/Erth       0%         N/A       100%        4


Dungeon Overview and Level Annotations

Branches:
Dungeon (9/15)             Temple (1/1) D:4
   Lair: D:8-11         Orc: D:9-12

Altars:
Ashenzari
Cheibriados
Dithmenos
Fedhas
Gozag
Hepliaklqana
Kikubaaqudgha
Makhleb
Okawaru
Qazlal
Sif Muna
Trog
Vehumet
Wu Jian
Xom

Shops:
D:6 *

Annotations:
D:5 Duvessa


Innate Abilities, Weirdness & Mutations

You have a pair of horns on your head.
You are mostly covered in thin metallic scales. (AC +3)
You may rarely emit foul miasma when damaged in melee.
You regenerate health from kills.


Message History

You are poisoned.
You feel as though you will be slow longer.
Throw: throwing net
Press: ? - help, Shift-Dir - straight line, f/p - hornet
Aim: a hornet (moderately wounded, 53% to hit)
You throw a throwing net. The throwing net hits the hornet.
The hornet is caught in the net!
The hornet is moderately wounded.
You feel sick.
The hornet struggles against the net. x2
You hit the hornet. You punch the hornet, but do no damage.
The hornet is heavily wounded.
You feel sick.
The hornet struggles against the net.
The net rips apart, and the hornet comes free!
You hit the hornet but do no damage.
The hornet is heavily wounded.
You feel sick.
Unknown command.
You feel better. The hornet closely misses you. The hornet misses you.
The hornet barely misses you.
You hit the hornet.
The hornet is heavily wounded.
The hornet completely misses you.
You hit the hornet.
The hornet is heavily wounded.
You puncture the hornet! You punch the hornet, but do no damage.
The hornet is severely wounded.
The hornet stings you but does no damage.
You hit the hornet but do no damage.
The hornet is severely wounded.
The hornet stings you!
* * * LOW HITPOINT WARNING * * *
You are poisoned.
You feel as though you will be slow longer.
Unknown command.
You closely miss the hornet.
The hornet is severely wounded.
* * * LOW HITPOINT WARNING * * *
You feel sick. The hornet stings you!
You die...
Your body crumbles into a pile of gold.

###### #######
#....# #......
#....#########......
#....'......##.....<
#....######..#......
#....# ##.#......
#....# #.'......
#....# ###[.....
#..@.# #####'#
###y## ###..# *#.#
#...## *.(#
#####'### *.##
***#.......# *#+***
*,,+.......#
*,,,,***,*#.......#
*,,,,*,,,*#.......#
*,,,,+,***#.......##


You could see a hornet.

Vanquished Creatures
  A hornet (D:5)
  Prince Ribbit (D:6)
  14 yaks
  Eustachio (D:6)
  4 steam dragons (D:7)
  4 water moccasins
  2 black bears
  An orc warrior (D:6)
  4 ice beasts
  3 ogres
  3 centaurs
  2 phantoms
  A bullfrog (D:9)
  A scorpion (D:4)
  4 wights
  Dowan (D:5)
  6 killer bees (D:7)
  4 howler monkeys
  A jelly (D:7)
  4 hounds
  An orc priest (D:6)
  Jessica (D:3)
  A gnoll bouda (D:8)
  6 iguanas
  6 orc wizards
  5 gnolls (D:8)
  6 adders
  2 shadow imps
  2 white imps
  2 ufetubi (D:4)
  A worm (D:2)
  25 orcs
  5 ball pythons
  An endoplasm (D:1)
  7 giant cockroaches
  12 goblins
  6 hobgoblins
  2 quokkas (D:1)
  5 bats
  3 frilled lizards
  3 kobolds
  3 rats
167 creatures vanquished.

Notes
Turn   | Place    | Note
-------+----------+-------------------------------------------
     0 | D:1      | Newt the Demonspawn Gladiator began the quest for the Orb.
     0 | D:1      | Reached XP level 1. HP: 16/16 MP: 1/1
   315 | D:1      | Reached skill level 1 in Stealth
   338 | D:1      | Gained mutation: You have a pair of small horns on your
                  | head. [demonic ancestry]
   338 | D:1      | Reached XP level 2. HP: 11/22 MP: 2/2
   340 | D:1      | Found a faded altar of an unknown god.
  1435 | D:2      | Gained mutation: You are partially covered in thin metallic
                  | scales. (AC +2) [demonic ancestry]
  1435 | D:2      | Reached XP level 3. HP: 12/28 MP: 3/3
  2930 | D:3      | Gained mutation: You have a pair of horns on your head.
                  | [demonic ancestry]
  2930 | D:3      | Reached XP level 4. HP: 26/37 MP: 4/4
  3567 | D:3      | Noticed Jessica
  3571 | D:3      | Killed Jessica
  3572 | D:3      | Gained mutation: You regenerate a little health from kills.
                  | [demonic ancestry]
  3572 | D:3      | Reached XP level 5. HP: 42/42 MP: 5/5
  4089 | D:4      | Noticed an ogre
  4103 | D:4      | Killed an ogre
  4342 | D:4      | Noticed a black bear
  4367 | D:4      | Killed a black bear
  4368 | D:4      | Reached XP level 6. HP: 36/48 MP: 6/6
  4480 | D:4      | Found a staircase to the Ecumenical Temple.
  4535 | Temple   | Entered the Ecumenical Temple
  4693 | Temple   | Became a worshipper of Gozag Ym Sagoz the Greedy
  4853 | D:5      | Entered Level 5 of the Dungeon
  4862 | D:5      | Reached skill level 5 in Stealth
  4879 | D:4      | Reached XP level 7. HP: 38/54 MP: 7/7
  5090 | D:5      | Noticed a hornet
  5102 | D:5      | Killed a hornet
  5458 | D:5      | Reached skill level 5 in Throwing
  5458 | D:5      | Gained mutation: You regenerate health from kills. [demonic
                  | ancestry]
  5458 | D:5      | Reached XP level 8. HP: 48/60 MP: 8/8
  5823 | D:6      | Noticed Dowan
  5827 | D:6      | Noticed Duvessa
  6343 | D:5      | Killed Dowan
  6578 | D:6      | Reached skill level 1 in Armour
  6581 | D:6      | Noticed Prince Ribbit
  6635 | D:6      | Killed Prince Ribbit
  7070 | D:6      | Noticed Eustachio
  7102 | D:6      | Killed Eustachio
  7103 | D:6      | Gained mutation: You may rarely emit foul miasma when
                  | damaged in melee. [demonic ancestry]
  7103 | D:6      | Reached XP level 9. HP: 60/67 MP: 9/9
  7139 | D:6      | Reached skill level 5 in Fighting
  7232 | D:6      | Identified the +5 plate armour of the Nexus {rF+ Str+4}
  7511 | D:6      | Found Laif's Lightly-Used Armoury.
  7525 | D:6      | Bought a -2 triple sword for 1 gold piece
  8116 | D:7      | Reached skill level 1 in Long Blades
  8358 | D:7      | Reached skill level 2 in Long Blades
  8766 | D:7      | Reached skill level 3 in Long Blades
  8878 | D:7      | Reached skill level 4 in Long Blades
  8968 | D:7      | Reached skill level 5 in Long Blades
  9076 | D:7      | Identified the ring of the Real Monster {Fly rF+ rN+ Str+2}
  9184 | D:7      | Reached skill level 6 in Long Blades
 10159 | D:8      | Gained mutation: You are mostly covered in thin metallic
                  | scales. (AC +3) [demonic ancestry]
 10159 | D:8      | Reached XP level 10. HP: 66/76 MP: 10/10
 10210 | D:8      | Reached skill level 7 in Long Blades
 10328 | D:8      | Found a shadowy altar of Dithmenos.
 10445 | D:8      | Reached skill level 8 in Long Blades
 10902 | D:9      | Identified a scroll of acquirement
 10902 | D:9      | Acquired a +7 quick blade
 11450 | D:9      | Reached skill level 1 in Evocations
 11580 | D:9      | Reached skill level 5 in Evocations
 11762 | D:9      | Paralysed by a hornet for 3 turns
 11776 | D:9      | Slain by a hornet

Illustrated notes

Levels and vault maps discovered:
D:1:      saegor_arrival_simple_d, layout_loops_corners,
          shapermc_ecumenical_altar_notcrosses, corexii_item_surrounded_by_moat
D:2:      layout_loops_corners, nicolae_titane
D:3:      layout_basic, minmay_misc_feat_columns, minmay_misc_feat_four_crosses,
          kennysheep_cross_bottleneck, uniq_jessica
D:4:      layout_cave_pools, minmay_temple_entry_overgrown
D:5:      layout_rooms, kennysheep_generic_room_12
D:6:      layout_rooms, minmay_shop_damaged, uniq_prince_ribbit1,
          uniq_eustachio, uniq_duvessa
D:7:      minmay_octagon_keep, layout_basic, enter_bailey_3
D:8:      layout_loops_ring, mainiacjoe_overflow_alcove_1
D:9:      layout_roguey, chequers_arboretum
Temple:   nicolae_temple_bog_church

Skill      XL: |  1  2  3  4  5  6  7  8  9 10 |
---------------+-------------------------------+-----
Stealth        | 1 2 4 5 6 |  6.0
Fighting       | 3 4 6 |  6.0
Short Blades   | 3 4 |  4.0
Throwing       | 5 6 |  6.0
Armour         | 4 |  4.0
Dodging        | 4 |  4.0
Long Blades    | 6 8 |  8.1
Evocations     | 5 |  5.7

Action                   |  1- 3 |  4- 6 |  7- 9 | 10-12 || total
-------------------------+-------+-------+-------+-------++-------
Melee: Rapier            |    98 |    47 |       |       ||   145
       Headbutt          |     8 |    23 |    77 |    56 ||   164
       Dagger            |       |    45 |   284 |    68 ||   397
       Punch             |       |       |     3 |     5 ||     8
       Triple sword      |       |       |   141 |       ||   141
       Quick blade       |       |       |       |   134 ||   134
 Fire: Sling             |    16 |       |     5 |       ||    21
Throw: Dart              |       |     9 |    10 |       ||    19
       Throwing net      |       |     2 |     4 |     2 ||     8
       Javelin           |       |     1 |     1 |       ||     2
Evoke: Wand              |       |       |       |     1 ||     1
  Use: Scroll            |     3 |     2 |     9 |     3 ||    17
       Potion            |       |       |     6 |     3 ||     9
 Stab: Sleeping          |     3 |     4 |     4 |       ||    11
       Distracted        |     1 |       |     3 |       ||     4
Armor: Leather armour    |    37 |    23 |    34 |       ||    94
       Skin              |       |       |    29 |       ||    29
       Ring mail         |       |       |    75 |     9 ||    84
       Plate armour      |       |       |       |    56 ||    56
Dodge: Dodged            |    67 |    53 |   312 |    70 ||   502

Table legend: (Time is in decaauts)
 A = Elapsed time spent in this place.
 B = Non-inter-level travel time spent in this place.
 C = Inter-level travel time spent in this place.
 D = Time resting spent in this place.
 E = Time spent auto-exploring this place.
 F = Levels seen in this place.
 G = Mean time per level.
                   A        B        C        D        E       F      G
               +--------+--------+--------+--------+--------+-----+--------+
         Total |  11707 |  11304 |    403 |   4326 |   5171 |  10 | 1170.7 |
       Dungeon |  11522 |  11144 |    378 |   4326 |   5025 |   9 | 1280.2 |
        Temple |    184 |    160 |     24 |      0 |    145 |   1 |  184.0 |
               +--------+--------+--------+--------+--------+-----+--------+

Top non-repeatable levels by time:
     D:7: 1958 daAuts
     D:5: 1577 daAuts
     D:6: 1410 daAuts
     D:1: 1367 daAuts
     D:2: 1218 daAuts
     D:4: 1162 daAuts
     D:3: 1023 daAuts
     D:8: 978 daAuts
     D:9: 826 daAuts
  Temple: 184 daAuts
